 Dungeon Crawl Stone Soup version 0.20.0-15-g7f486f2 (webtiles) character file.

4852 dobroeutro the Cleaver (level 10, -2/79 HPs)
             Began as a Demonspawn Fighter on June 17, 2017.
             Was a Priest of Okawaru.
             Slain by Snorg (13 damage)
             ... on level 10 of the Dungeon.
             The game lasted 00:13:45 (6306 turns).

dobroeutro the Cleaver (Demonspawn Fighter)         Turns: 6306, Time: 00:13:46

Health: -2/79      AC: 25    Str: 25    XL:     10   Next: 25%
Magic:  0/10       EV: 13    Int:  9    God:    Okawaru [***...]
Gold:   585        SH: 10    Dex: 13    Spells: 9/9 levels left

rFire    . . .     SeeInvis +   y - +2 war axe (chop)
rCold    + . .     Gourm    .   c - +0 shield
rNeg     . . .     Faith    .   P - +0 steam dragon scales
rPois    +         Spirit   +   (helmet restricted)
rElec    .         Reflect  .   H - +0 cloak
rCorr    .         Harm     .   G - +0 pair of gloves
MR       .....                  (no boots)
Stlth    +.........             L - amulet of guardian spirit
Regen    0.3/turn               z - ring of see invisible
MPRegen  0.2/turn               B - ring of poison resistance

@: mighty, sanguine armour
A: horns 2, cold resistance 1, icemail, powered by death 2, freezing cloud
immunity, sanguine armour 1
a: Heroism, Renounce Religion


You were on level 10 of the Dungeon.
You worshipped Okawaru.
Okawaru was most pleased with you.
You were not hungry.

You visited 2 branches of the dungeon, and saw 10 of its levels.
You also visited: Ossuary.

You collected 585 gold pieces.

Inventory:

Hand Weapons
 y - a +2 war axe of chopping (weapon)
Armour
 c - a +0 shield (worn)
 G - a +0 pair of gloves (worn)
 H - a +0 cloak (worn)
 P - +0 steam dragon scales (worn)
Jewellery
 z - a ring of see invisible (left hand)
 B - a ring of poison resistance (right hand)
 L - an amulet of guardian spirit (around neck)
 M - a +4 ring of strength
Wands
 v - a wand of lightning (2/15)
 J - a wand of lightning (10/15)
 Q - a wand of polymorph (19/24)
 R - a wand of random effects (36/48)
Scrolls
 e - 3 scrolls of remove curse
 g - 3 scrolls of teleportation
 i - 2 scrolls of enchant armour {unknown}
 j - a scroll of enchant weapon {unknown}
 k - 5 scrolls of fog {unknown}
 l - 3 scrolls of recharging {unknown}
 m - 7 scrolls of identify
 C - a scroll of blinking {unknown}
 D - a scroll of immolation {unknown}
 E - 2 scrolls of amnesia
 F - a scroll of magic mapping
Potions
 a - 3 potions of brilliance
 d - 3 potions of might
 n - 2 potions of berserk rage {unknown}
 p - a potion of ambrosia {unknown}
 q - 5 potions of resistance
 r - 8 potions of curing
 s - 3 potions of magic {unknown}
 t - 2 potions of mutation {unknown}
 u - 5 potions of heal wounds {unknown}
 w - 2 potions of agility {unknown}
 x - 3 potions of lignification {unknown}
 K - a potion of degeneration {unknown}
 O - a potion of haste {unknown}
Books
 A - a book of Cantrips

   Spells                             Type                      Level
   a - Confusing Touch                Hexes                        1
   b - Animate Skeleton               Necromancy                   1
   c - Summon Small Mammal            Summoning                    1
   d - Apportation                    Translocation                1
Comestibles
 b - 22 chunks of flesh
 f - 8 bread rations
 o - 8 meat rations
 I - 4 fruits
 N - a royal jelly


   Skills:
 + Level 7.3 Fighting
 * Level 8.4 Axes
 + Level 6.4 Armour
 + Level 5.9 Dodging
 - Level 4.9 Shields


You had 9 spell levels left.
You didn't know any spells.

Dungeon Overview and Level Annotations

Branches:
Dungeon (8/15)             Temple (1/1) D:6             Orc (0/2) D:10
   Lair: D:8-11

Altars:
Ashenzari
Hepliaklqana
Kikubaaqudgha
Okawaru
Ru
Sif Muna
Vehumet
Xom
Yredelemnul
Zin
The Shining One

Shops:
D:5 (

Annotations:
D:6 exclusion: 2 doors
D:10 Psyche, Snorg


Innate Abilities, Weirdness & Mutations

You have a pair of horns on your head.
Your flesh is cold resistant. (rC+)
A meltable icy envelope protects you from harm. (AC +10)
You regenerate health from kills.
You are immune to freezing clouds.
When seriously injured, your bleeding wounds create armour. (AC +6)


Message History

Beogh smites you! Snorg barely misses you. You block Snorg's attack.
Snorg closely misses you.
Psyche mumbles some strange words.
Psyche seems to speed up.
The warg stops to sniff the ground.
An orc warrior comes into view. It is wielding an enchanted hand axe.
You barely miss Snorg.
The orc warrior shouts!
You headbutt Snorg!
Snorg is almost dead.
Snorg closely misses you. Snorg barely misses you.
Snorg claws you but does no damage. Snorg bites you! Snorg claws you!!
* * * LOW HITPOINT WARNING * * *
Snorg misses you.
You barely miss Snorg. Your headbutt misses Snorg.
Snorg is almost dead.
The orc wizard mumbles some strange words.
The orc wizard flickers and vanishes for a moment.
Snorg bites you!
You die...

#########'## ###...#
#...### #####.######
..##.......# . ..##.......#
###+#.. ..##.......#
....... ...#.......#
#######hoo...o
...........###..@Thoooo....
..#........##..#####@o...#.
..#........##.## #'##.#
..##.......#...#####...#
######.#####.8.......8.#
#..## #...#####...# ##..#
##.#'###'# # ##.# #.##...#
### #.# #.##.>.#


You could see Snorg (berserk), Psyche (invisible), 2 wargs, an orc warrior, an
orc priest, 2 orc wizards and 3 orcs.

Vanquished Creatures
  Pikel (D:5)
  A cyclops (D:7)
  A hippogriff (D:10)
  A steam dragon (D:10)
  A spriggan (D:7)
  Menkaure (D:4)
  The ghost of Wanze the Charmwright, an amateur HaSk of Uskayaw (D:4)
  2 orc warriors
  2 ice beasts
  A sky beast (D:10)
  4 slaves
  A phantom (D:7)
  A black bear (D:7)
  4 ogres
  A centaur (D:10)
  3 bullfrogs
  A gnoll sergeant (D:7)
  4 scorpions
  8 wights (D:6)
  7 killer bees (D:7)
  A howler monkey (D:4)
  A crimson imp (D:7)
  A jelly (D:7)
  4 hounds
  4 orc wizards
  2 quasits (D:8)
  A bullfrog skeleton (D:10)
  6 orc priests
  Crazy Yiuf (D:6)
  2 human zombies (Ossuary)
  2 iguanas
  Ijyb (D:3)
  A worker ant (D:6)
  A big kobold zombie (Ossuary)
  A hound zombie (D:7)
  2 mummies (Ossuary)
  2 worker ant zombies (D:7)
  5 gnolls (D:7)
  8 adders
  A shadow imp (D:5)
  3 oozes
  2 adder zombies
  5 worms
  3 dart slugs (D:1)
  3 leopard geckos
  36 orcs
  9 bats
  6 giant cockroaches
  9 goblins
  6 hobgoblins
  10 jackals
  A quokka (D:2)
  3 ball pythons
  7 frilled lizards
  A goblin zombie (Ossuary)
  10 hobgoblin zombies (Ossuary)
  A jackal zombie (Ossuary)
  8 kobolds
  10 kobold zombies (Ossuary)
  A leopard gecko skeleton (D:8)
  9 orc zombies (Ossuary)
  9 rats
  A rat zombie (Ossuary)
246 creatures vanquished.

Notes
Turn   | Place    | Note
-------+----------+-------------------------------------------
     0 | D:1      | dobroeutro the Demonspawn Fighter began the quest for the Orb.
     0 | D:1      | Reached XP level 1. HP: 18/18 MP: 1/1
    98 | D:1      | Reached skill level 2 in Axes
   362 | D:1      | Gained mutation: Your flesh is cold resistant. (rC+) [demonic ancestry]
   362 | D:1      | Reached XP level 2. HP: 23/24 MP: 2/2
   468 | D:1      | Reached skill level 3 in Axes
   747 | D:1      | Gained mutation: You are immune to freezing clouds. [demonic ancestry]
   747 | D:1      | Reached XP level 3. HP: 28/29 MP: 3/3
  1361 | D:2      | Gained mutation: You regenerate a little health from kills. [demonic ancestry]
  1361 | D:2      | Reached XP level 4. HP: 35/35 MP: 4/4
  1558 | D:3      | Reached skill level 4 in Axes
  2006 | D:3      | Gained mutation: When seriously injured, your bleeding wounds create armour. (AC +6) [demonic ancestry]
  2006 | D:3      | Reached XP level 5. HP: 38/41 MP: 5/5
  2084 | D:3      | Found a shattered altar of Ashenzari.
  2088 | D:3      | Saw a vision of the Shoals and the Snake Pit.
  2088 | D:3      | Noticed an anaconda
  2088 | D:3      | Noticed a naga warrior
  2088 | D:3      | Noticed a sea snake
  2088 | D:3      | Noticed a sea snake
  2088 | D:3      | Noticed a black mamba
  2088 | D:3      | Noticed a hippogriff
  2088 | D:3      | Noticed a naga
  2088 | D:3      | Noticed a merfolk siren
  2088 | D:3      | Noticed a naga warrior
  2088 | D:3      | Noticed a merfolk
  2088 | D:3      | Noticed a black mamba
  2088 | D:3      | Noticed a shock serpent
  2091 | D:3      | Noticed a naga ritualist
  2091 | D:3      | Noticed a naga
  2149 | D:3      | Reached skill level 1 in Dodging
  2486 | D:4      | Noticed an ogre
  2670 | D:4      | Noticed Ijyb
  2706 | D:3      | Killed Ijyb
  2788 | D:4      | Noticed Wanze's ghost (amateur HaSk)
  2792 | D:4      | Gained mutation: A meltable icy envelope protects you from harm. (AC +10) [demonic ancestry]
  2792 | D:4      | Reached XP level 6. HP: 30/47 MP: 6/6
  2820 | D:4      | Killed Wanze's ghost
  3009 | D:4      | Noticed Menkaure
  3092 | D:4      | Killed Menkaure
  3092 | D:4      | Reached XP level 7. HP: 12/54 MP: 7/7
  3288 | D:5      | Entered Level 5 of the Dungeon
  3315 | D:5      | Found a sand-covered staircase.
  3327 | Ossuary  | Entered an ossuary
  3398 | Ossuary  | Reached skill level 5 in Axes
  3567 | D:5      | Found Ruxye's Weapon Shop.
  3856 | D:5      | Noticed Pikel
  4121 | D:5      | Killed Pikel
  4121 | D:5      | Reached skill level 5 in Fighting
  4121 | D:5      | Gained mutation: You have a pair of small horns on your head. [demonic ancestry]
  4121 | D:5      | Reached XP level 8. HP: 25/62 MP: 8/8
  4528 | D:6      | Found a staircase to the Ecumenical Temple.
  4544 | Temple   | Entered the Ecumenical Temple
  4568 | Temple   | Became a worshipper of Warmaster Okawaru
  4595 | D:6      | Reached skill level 6 in Axes
  4595 | D:6      | Reached skill level 5 in Armour
  4709 | D:6      | Gained mutation: You regenerate health from kills. [demonic ancestry]
  4709 | D:6      | Reached XP level 9. HP: 20/69 MP: 9/9
  4903 | D:6      | Found a runed door.
  5036 | D:6      | Noticed Crazy Yiuf
  5038 | D:6      | Killed Crazy Yiuf
  5577 | D:7      | Reached * piety under Okawaru
  5577 | D:7      | Reached skill level 7 in Axes
  5681 | D:7      | Reached skill level 5 in Dodging
  5858 | D:7      | Reached ** piety under Okawaru
  5866 | D:7      | Noticed a cyclops
  5872 | D:7      | Killed a cyclops
  5983 | D:7      | Reached skill level 8 in Axes
  5983 | D:7      | Gained mutation: You have a pair of horns on your head. [demonic ancestry]
  5983 | D:7      | Reached XP level 10. HP: 79/79 MP: 10/10
  6091 | D:8      | You fall through a shaft for 2 floors!
  6091 | D:10     | Entered Level 10 of the Dungeon
  6098 | D:10     | Reached *** piety under Okawaru
  6262 | D:10     | Found a staircase to the Orcish Mines.
  6285 | D:10     | Noticed Snorg
  6291 | D:10     | Noticed Psyche
  6306 | D:10     | Slain by Snorg

Skill      XL: |  1  2  3  4  5  6  7  8  9 |
---------------+----------------------------+-----
Axes           | 2 3 4 5 6 8 |  8.4
Dodging        | 1 2 3 4 5 |  5.9
Shields        | 3 4 |  4.9
Armour         | 3 4 5 6 |  6.4
Fighting       | 4 5 7 |  7.3

Action                   |  1- 3 |  4- 6 |  7- 9 | 10-12 || total
-------------------------+-------+-------+-------+-------++-------
Melee: War axe           |   130 |   194 |   337 |    93 ||   754
       Headbutt          |       |       |    37 |    20 ||    57
Invok: Heroism           |       |       |       |     1 ||     1
Evoke: Wand              |       |       |     1 |       ||     1
  Use: Potion            |       |     2 |       |     1 ||     3
       Scroll            |       |       |     7 |       ||     7
  Eat: Chunk             |     1 |     6 |     5 |     2 ||    14
       Bread ration      |       |       |     1 |       ||     1
       Fruit             |       |       |     1 |       ||     1
Armor: Scale mail        |    71 |    99 |   214 |    26 ||   410
       Steam dragon scal |       |       |       |    16 ||    16
Dodge: Dodged            |    40 |    83 |   161 |    71 ||   355
Block: Shield            |    75 |   102 |   213 |    65 ||   455
